 Dungeon Crawl Stone Soup version 0.30-a0-292-g0f741e3f8e (webtiles) character file.

Game seed: 9989728193250673853

49 plokij the Covered (level 3, -2/33 HPs)
             Began as a Minotaur Fighter on Oct 18, 2022.
             Slain by an ogre
             ... wielding a +0 giant club
              (18 damage)
             ... on level 3 of the Dungeon.
             The game lasted 00:05:59 (2100 turns).

plokij the Covered (Minotaur Fighter)               Turns: 2100, Time: 00:06:00

Health: -2/33      AC: 10    Str: 20    XL:     3   Next: 53%
Magic:  2/2        EV:  7    Int:  5    God:
Gold:   65         SH:  4    Dex: 11    Spells: 2/2 levels left

rFire   . . .      SeeInvis .    a - +0 long sword
rCold   . . .      Faith    .    c - +0 buckler
rNeg    . . .      Spirit   .    e - +0 chain mail
rPois   .          Reflect  .    (helmet restricted)
rElec   .          Harm     .    f - +0 cloak
rCorr   .          Rampage  .    (no gloves)
Will    .....                    (no boots)
Stlth   ..........               (no amulet)
HPRegen 0.25/turn                l - ring of flight
MPRegen 0.08/turn                (no ring)

@: flying
A: horns 2, retaliatory headbutt
a: no special abilities


You were on level 3 of the Dungeon.
You visited 1 branch of the dungeon, and saw 3 of its levels.

You collected 65 gold pieces.

Inventory:

Hand Weapons
 a - a +0 long sword (weapon)
Armour
 c - a +0 buckler (worn)
 e - a +0 chain mail (worn)
 f - a +0 cloak (worn)
Jewellery
 l - a ring of flight (left hand)
Scrolls
 g - a scroll of magic mapping {unknown}
 i - a scroll of teleportation {unknown}
 k - a scroll of fog {unknown}
 m - 2 scrolls of identify {unknown}
Potions
 b - 2 potions of heal wounds {unknown}
 d - 3 potions of might
 h - a potion of berserk rage {unknown}
 j - a potion of flight {unknown}


   Skills:
 + Level 4.0 Fighting
 * Level 3.4 Long Blades
 + Level 4.0 Armour
 + Level 1.3 Dodging
 + Level 3.9 Shields


You had 2 spell levels left.
You didn't know any spells.
Your spell library contained the following spells:

 Spells                   Type           Power      Damage    Failure   Level
 Slow                     Hex            0%         N/A       100%        1
 Confusing Touch          Hex            0%         N/A       100%        3
 Vampiric Draining        Necr           0%         2d6       100%        3


Dungeon Overview and Level Annotations

Branches:
Dungeon (3/15)

Altars:

Shops:
D:1 (


Innate Abilities, Weirdness & Mutations

You have a pair of horns on your head.
You reflexively headbutt those who attack you in melee.


Message History

Found a faded altar of an unknown god.
The bat barely misses you.
You barely miss the bat. You headbutt the bat.
You kill the bat!
Your Fighting skill increases to level 4!
You see here a bat corpse.
A ball python comes into view.
You see here a scroll labelled KUOXODYTAG.
The ball python bites you. The ball python grabs you.
The ball python constricts you.
You barely miss the ball python. You headbutt the ball python.
You kill the ball python!
HP restored.
m - 2 scrolls labelled KUOXODYTAG (gained 1)
Found a leather armour.
There is an empty arch of ancient stone here.
There is a faded altar of an unknown god here.
This altar belongs to (a) Elyvilon, (b) Ru or (c) Dithmenos, but you can't tell which.
Press the corresponding letter to learn more about a god, or press enter to convert or escape to cancel.
Okay, then.
There is a dry fountain here.
An ogre comes into view. It is wielding a +0 giant club.
Found a smoky purple potion and 9 gold pieces.
The ogre shouts!
An adder comes into view.
A giant cockroach comes into view.
There is a dry fountain here.
There is an empty arch of ancient stone here.
A giant cockroach is nearby!
The giant cockroach attacks as you move away!
The giant cockroach bites you but does no damage.
You slash the giant cockroach!
You kill the giant cockroach!
You see here a giant cockroach corpse.
The ogre hits you with a +0 giant club!!
Ouch! That really hurt!
You hit the ogre but do no damage. You barely miss the ogre.
You headbutt the ogre!
The ogre is moderately wounded.
The ogre hits you with a +0 giant club!!
Ouch! That really hurt!
You die...

#..<#..# #..... #...#.#.#
#....# # #...# #...##
#....###.
#..#####..†###....... ..
#....#..........####
#.#....#.#(...........
#.#...................
#..###.#..............
#.#...#......@(.......
#⌠.8..#....O......... #
####..8.#..............
#.#⌠#_#...###†..#........
#...#∩#⌠#.....###.####..
#.8..########## .# .
#..8.⌠## .# ..#[..#.# .#
...###...#


You could see an ogre.

Vanquished Creatures
  A dart slug (D:1)
  8 endoplasms
  3 giant cockroaches
  2 goblins
  A hobgoblin (D:1)
  2 jackals (D:1)
  3 quokkas
  5 ball pythons
  6 bats
  2 frilled lizards
  5 kobolds
  7 rats
45 creatures vanquished.

Notes
Turn   | Place    | Note
-------+----------+-------------------------------------------
     0 | D:1      | plokij the Minotaur Fighter began the quest for the Orb.
     0 | D:1      | Reached XP level 1. HP: 19/19 MP: 0/0
   113 | D:1      | Reached XP level 2. HP: 27/27 MP: 1/1
   415 | D:1      | Reached skill level 1 in Dodging
   744 | D:1      | Reached XP level 3. HP: 33/33 MP: 2/2
   793 | D:1      | Found Ugin's Antique Weapon Shoppe.
  2043 | D:3      | Found a faded altar of an unknown god.
  2080 | D:3      | Noticed an ogre
  2100 | D:3      | Slain by an ogre

Illustrated notes

Levels and vault maps discovered:
D:1:      minmay_arrival_shattered_statue, layout_basic, serial_shops, shop,
          hex_large
D:2:      layout_loops_ring, serial_co_window_serial, co_window_paths_a,
          co_window_paths_a, co_window_paths_b, co_window_corner_a,
          co_window_corner_a, co_window_corner_a, co_window_corner_a,
          co_window_corner_cb, co_window_2corner, co_window_broadway_c,
          co_window_unsneaky_path_c, co_window_unsneaky_path_b,
          co_window_4corner_b, co_window_paths_e, glass_columns_a,
          glass_columns_c, glass_columns_a, glass_columns_b, glass_columns_c,
          nrook_campfire, st_stairs_12, minmay_pentomino_u2
D:3:      minmay_wonky_spiral, layout_rooms, shapermc_ecumenical_altar_venn

Skill      XL: |  1  2  3 |
---------------+----------+-----
Dodging        | 1 |  1.3
Long Blades    | 3 |  3.4
Armour         | 4 |  4.0
Fighting       | 4 |  4.0
Shields        | |  3.9

Action                   || total
-------------------------++-------
Melee: Long sword        ||    83
       Headbutt          ||    11
Armor: Chain mail        ||    38
       Scale mail        ||     2
Dodge: Dodged            ||    25
Block: Buckler           ||    14

Table legend: (Time is in decaauts)
 A = Elapsed time spent in this place.
 B = Non-inter-level travel time spent in this place.
 C = Inter-level travel time spent in this place.
 D = Time resting spent in this place.
 E = Time spent auto-exploring this place.
 F = Levels seen in this place.
 G = Mean time per level.
                   A        B        C        D        E       F      G
               +--------+--------+--------+--------+--------+-----+--------+
         Total |   2122 |   1896 |    226 |      0 |   1557 |   3 |  707.3 |
       Dungeon |   2122 |   1896 |    226 |      0 |   1557 |   3 |  707.3 |
               +--------+--------+--------+--------+--------+-----+--------+

Top non-repeatable levels by time:
     D:2: 1096 daAuts
     D:1: 963 daAuts
     D:3: 62 daAuts
